 Dungeon Crawl Stone Soup version 0.25.1-8-g42b30a86e7 (webtiles) character file.

Game seed: 1846924803233201068

12878 Destapler the Grappler (level 11, -4/165 HPs)
             Began as a Troll Berserker on Dec 5, 2020.
             Was an Elder of Trog.
             Slain by a wraith (14 damage)
             ... on level 11 of the Dungeon.
             The game lasted 01:12:07 (10248 turns).

Destapler the Grappler (Troll Berserker)           Turns: 10248, Time: 01:12:08

Health: -4/165     AC: 11    Str: 29    XL:     11   Next: 68%
Magic:  13/13      EV: 11    Int: 10    God:    Trog [****..]
Gold:   732        SH:  0    Dex:  9    Spells: 10/10 levels left

rFire    . . .     SeeInvis .   a - +7 broad axe (vorpal)
rCold    . . .     Gourm    +   (no shield)
rNeg     + . .     Faith    .   L - +0 robe {rN+}
rPois    .         Spirit   .   (helmet restricted)
rElec    +         Reflect  .   H - +0 cloak
rCorr    .         Harm     .   (gloves unavailable)
MR       ++...                  (boots unavailable)
Stlth    ..........             R - amulet of regeneration
HPRegen  2.17/turn              P - +4 ring of protection
MPRegen  0.13/turn              j - ring "Volom" {+Blink +Fly rElec Int+6 Stlth-}

@: berserking, regenerating, slowed
A: large, unfitting armour, claws 3, fast metabolism 3, gourmand, regeneration
1, shaggy fur 1, tough skin 3
a: Berserk, Trog's Hand, Brothers in Arms, Renounce Religion, Evoke Blink, Evoke
Flight


You were on level 11 of the Dungeon.
You worshipped Trog.
Trog was greatly pleased with you.
You were very full.

You visited 1 branch of the dungeon, and saw 12 of its levels.
You also visited: Sewer.

You collected 732 gold pieces.

Inventory:

Hand Weapons
 a - a +7 vorpal broad axe (weapon)
 y - a +0 giant spiked club
 G - a +1 falchion of flaming
Missiles
 q - 51 poisoned darts (quivered)
 t - 22 boomerangs
 Q - 5 silver boomerangs
Armour
 H - a +0 cloak (worn)
 L - a +0 robe of positive energy (worn)
Jewellery
 j - the ring "Volom" (right claw) {+Blink +Fly rElec Int+6 Stlth-}
   (You found it on level 9 of the Dungeon)

   [ring of intelligence]

   It affects your intelligence (+6).
   It insulates you from electricity.
   It lets you fly.
   It lets you blink.
   It makes you less stealthy.
 m - an uncursed ring of poison resistance
 z - an uncursed ring of resist corrosion
 P - a +4 ring of protection (left claw)
 R - an amulet of regeneration (around neck)
Wands
 p - a wand of random effects (25)
 v - a wand of paralysis (4)
 C - a wand of flame (18)
 E - a wand of acid (6)
 K - a wand of polymorph (7)
 M - a wand of iceblast (10)
Scrolls
 c - a scroll of brand weapon {unknown}
 d - 2 scrolls of fear
 f - 2 scrolls of enchant weapon
 g - 2 scrolls of identify
 l - 10 scrolls of remove curse
 o - 3 scrolls of teleportation
 s - a scroll of blinking
 u - 2 scrolls of immolation {unknown}
 x - a scroll of random uselessness {unknown}
 F - 2 scrolls of amnesia {unknown}
 I - a scroll of acquirement {unknown}
 J - a scroll of fog
 O - a scroll of enchant armour {unknown}
 S - a scroll of vulnerability {unknown}
Potions
 e - a potion of stabbing {unknown}
 h - a potion of berserk rage
 i - 2 potions of magic {unknown}
 k - 8 potions of curing
 n - 3 potions of flight
 r - 3 potions of lignification {unknown}
 w - a potion of brilliance {unknown}
 A - 4 potions of resistance
 D - a potion of haste {unknown}
 N - 2 potions of cancellation {unknown}
Comestibles
 b - 24 rations


   Skills:
 + Level 7.7 Fighting
 * Level 6.0 Axes
 - Level 6.0 Throwing
 + Level 5.1 Armour
 + Level 5.2 Dodging
 - Level 2.0 Stealth
 - Level 8.4 Unarmed Combat
 + Level 4.9 Evocations


You had 10 spell levels left.
You didn't know any spells.
Your spell library contained the following spells:

 Spells                   Type           Power        Failure   Level  Hunger
 Animate Skeleton         Necr           N/A          36%         1    ##.....
 Magic Dart               Conj           #...         36%         1    ##.....
 Pain                     Necr           #...         36%         1    ##.....
 Blink                    Tloc           N/A          50%         2    ###....
 Call Imp                 Summ           #.......     50%         2    ###....
 Slow                     Hex            #.......     50%         2    ###....
 Conjure Flame            Conj/Fire      #.......     75%         3    ####...
 Mephitic Cloud           Conj/Pois/Air  #.......     75%         3    ####...
 Vampiric Draining        Necr           #.........   75%         3    ####...
 Animate Dead             Necr           N/A          98%         4    #####..
 Agony                    Necr           #.......     100%        5    ######.


Dungeon Overview and Level Annotations

Branches:
Dungeon (12/15)            Temple (0/1) D:5            Lair (0/6) D:10
    Orc (0/2) D:10          Sewer (visited)

Altars:
Ashenzari
Elyvilon
Hepliaklqana
Kikubaaqudgha
Nemelex Xobeh
Okawaru
Qazlal
Sif Muna
Uskayaw
Vehumet
Wu Jian
Xom
Zin
Beogh


Innate Abilities, Weirdness & Mutations

You are too large for most types of armour.
You have claws for hands.
Your metabolism is lightning-fast.
You like to eat raw meat.
Your natural rate of healing is unusually fast.
You are covered in fur. (AC +1)
You have extremely tough skin. (AC +3)


Message History

Something hits you!
* * * LOW HITPOINT WARNING * * *
Something hits you.
* * * LOW HITPOINT WARNING * * *
The red ugly thing claws you but does no damage.
The wraith closely misses you.
The red ugly thing claws you but does no damage.
You climb upwards.
Reactivating autopickup.
There is a stone staircase leading down here.
A red film seems to cover your vision as you go berserk!
You feel yourself moving faster!
You feel mighty!
You feel a lot less full. The wraith hits you.
* * * LOW HITPOINT WARNING * * *
The red ugly thing claws you!
* * * LOW HITPOINT WARNING * * *
You are engulfed in flames!!
* * * LOW HITPOINT WARNING * * *
The wraith hits you!
You die...

#..........# #.####
#..........###.####
#..........##......
##.............####
#..........###.#
#..........# #<####
#..........###...##
#u.)..........##.#.
#.@..).......[.....
##W..........[![...
##................
#####.......##...
##.....###...
##........#.#
#.......#....
#..........##
#...:........


You could see a red ugly thing and a wraith.

Vanquished Creatures
  A hydra (D:8)
  Erica (D:10)
  2 two-headed ogres
  An unseen horror (D:11)
  An orc knight (D:9)
  A centaur zombie (D:12)
  Maurice (D:8)
  A troll (D:10)
  Grinder (D:3)
  2 dream sheep (D:9)
  A hippogriff (D:7)
  A wyvern (D:10)
  11 yaks
  2 hungry ghosts
  8 orc warriors
  4 ice beasts
  3 sky beasts
  3 black bears
  A phantom (D:7)
  5 ogres
  3 centaurs
  A necrophage (D:9)
  2 crocodiles
  4 big kobolds
  5 bullfrogs
  Blork the orc (D:5)
  2 scorpions
  4 killer bees (D:8)
  6 wights
  5 crimson imps
  A bullfrog skeleton (D:8)
  7 orc priests
  4 hounds
  A centaur skeleton (D:10)
  12 orc wizards
  Ijyb (D:3)
  3 iguanas
  8 worker ants
  A hound zombie (D:5)
  3 hound skeletons
  A worker ant zombie (D:8)
  16 adders
  8 gnolls
  2 shadow imps (D:7)
  16 oozes
  8 worms
  4 dart slugs
  14 leopard geckos
  46 orcs
  20 giant cockroaches
  6 goblins
  7 hobgoblins
  3 jackals (D:7)
  4 quokkas
  14 ball pythons
  A ball python skeleton (D:5)
  8 bats
  13 frilled lizards
  A giant cockroach zombie (D:5)
  A jackal zombie (D:5)
  11 kobolds
  12 rats
341 creatures vanquished.

Vanquished Creatures (collateral kills)
  2 wights (D:7)
2 creatures vanquished.

Vanquished Creatures (others)
  A shadow imp (D:7)
1 creature vanquished.

Grand Total: 344 creatures vanquished

Notes
Turn   | Place    | Note
-------+----------+-------------------------------------------
     0 | D:1      | Destapler the Troll Berserker began the quest for the Orb.
     0 | D:1      | Reached XP level 1. HP: 22/22 MP: 0/0
     6 | D:1      | Noticed a hound
     6 | D:1      | Noticed a swamp worm
     6 | D:1      | Noticed a killer bee
     6 | D:1      | Noticed a komodo dragon
     6 | D:1      | Noticed a polar bear
   132 | D:1      | Reached XP level 2. HP: 29/29 MP: 1/1
   682 | D:2      | Reached XP level 3. HP: 36/36 MP: 2/2
   906 | D:2      | Found an ancient bone altar of Kikubaaqudgha.
   919 | D:2      | Found a glowing silver altar of Zin.
   921 | D:2      | Reached skill level 4 in Unarmed Combat
   966 | D:2      | Reached ** piety under Trog
   966 | D:2      | Reached XP level 4. HP: 35/44 MP: 3/3
   990 | D:2      | Found a hide-covered altar of Uskayaw.
   991 | D:2      | Noticed a +0 hand axe
   992 | D:2      | Noticed a +0 dagger
  1594 | D:3      | Noticed Grinder
  1619 | D:3      | Paralysed by Grinder for 7 turns
  1698 | D:3      | Killed Grinder
  1698 | D:3      | Reached skill level 1 in Axes
  1698 | D:3      | Reached skill level 1 in Throwing
  1698 | D:3      | Reached skill level 1 in Armour
  1698 | D:3      | Reached skill level 5 in Unarmed Combat
  1698 | D:3      | Reached XP level 5. HP: 53/53 MP: 4/4
  1698 | D:3      | Reached XP level 6. HP: 61/61 MP: 5/5
  1907 | D:3      | Reached *** piety under Trog
  1983 | D:3      | Noticed Ijyb
  1987 | D:3      | Killed Ijyb
  2270 | D:3      | Reached XP level 7. HP: 62/67 MP: 6/6
  2518 | D:4      | Found a glowing drain.
  2546 | Sewer    | Entered a sewer
  2676 | Sewer    | Reached **** piety under Trog
  2934 | Sewer    | Reached skill level 6 in Unarmed Combat
  3178 | D:4      | Found a shimmering altar of Xom.
  3186 | D:4      | Found a white marble altar of Elyvilon.
  3202 | D:4      | Reached ***** piety under Trog
  3379 | D:5      | Entered Level 5 of the Dungeon
  3381 | D:5      | Found a radiant altar of Vehumet.
  3403 | D:5      | Reached XP level 8. HP: 78/78 MP: 7/7
  3730 | D:5      | Noticed Blork the orc
  3737 | D:5      | Killed Blork the orc
  3923 | D:5      | Found a staircase to the Ecumenical Temple.
  4298 | D:6      | Reached skill level 1 in Evocations
  4352 | D:6      | Found an ornate altar of the Wu Jian Council.
  5036 | D:7      | Reached skill level 7 in Unarmed Combat
  5148 | D:7      | Found a shimmering altar of Xom.
  5148 | D:7      | Found a shattered altar of Ashenzari.
  5192 | D:7      | Reached XP level 9. HP: 47/87 MP: 9/9
  5375 | D:7      | Reached skill level 5 in Fighting
  6034 | D:8      | Noticed Maurice
  6066 | D:8      | Killed Maurice
  6066 | D:8      | Reached skill level 8 in Unarmed Combat
  6490 | D:8      | Found a sparkling altar of Nemelex Xobeh.
  6633 | D:8      | Found a stormy altar of Qazlal.
  6668 | D:8      | Found an iron altar of Okawaru.
  6751 | D:8      | Noticed a two-headed ogre
  6757 | D:8      | Killed a two-headed ogre
  6757 | D:8      | Reached skill level 5 in Throwing
  6757 | D:8      | Reached skill level 1 in Stealth
  6757 | D:8      | Reached XP level 10. HP: 100/100 MP: 11/11
  6895 | D:8      | Found a shimmering blue altar of Sif Muna.
  7046 | D:9      | Received a gift from Trog
  7204 | D:9      | Found a hazy altar of Hepliaklqana.
  7474 | D:9      | Got a translucent lapis lazuli ring
  7476 | D:9      | Identified the ring "Volom" {+Blink +Fly rElec Int+6
                  | Stlth-} (You found it on level 9 of the Dungeon)
  7573 | D:9      | Noticed a two-headed ogre
  7585 | D:9      | Killed a two-headed ogre
  7860 | D:9      | Noticed a three-headed hydra
  8044 | D:8      | Killed a one-headed hydra
  8217 | D:10     | Entered Level 10 of the Dungeon
  8301 | D:10     | Reached XP level 11. HP: 84/109 MP: 13/13
  8798 | D:10     | Reached skill level 5 in Axes
  8885 | D:10     | Found a staircase to the Lair.
  8927 | D:10     | Noticed an orc knight
  9057 | D:9      | Killed an orc knight
  9105 | D:10     | Found a roughly hewn altar of Beogh.
  9269 | D:10     | Found a staircase to the Orcish Mines.
  9773 | D:11     | Killed an unseen horror
  9887 | D:11     | Noticed Erica
  9899 | D:10     | Killed Erica
  9899 | D:10     | Reached skill level 5 in Dodging
  9954 | D:10     | Reached skill level 5 in Armour
 10238 | D:12     | Noticed a red ugly thing
 10248 | D:11     | Slain by a wraith

Illustrated notes

Levels and vault maps discovered:
D:1:      onia_arrival_zoo_common, layout_basic
D:2:      minmay_roachtagon, layout_basic, old_standard_altar,
          dancing_weapons_uskayaw, overflow_temple_1_default, first_ration,
          st_stairs_3
D:3:      layout_rooms, uniq_grinder, uniq_ijyb
D:4:      layout_rooms, elyvilon_altar_5, cheibrodos_sewer_entry_bend,
          xom_teletrap_fun
D:5:      layout_loops_corners, minmay_temple_entry_statues_fountains,
          serial_glass, glass_columns_c, glass_columns_b,
          hangedman_decor_opposing, lemuel_altar_in_water, uniq_blork_the_orc
D:6:      layout_basic, lemuel_round_altar
D:7:      layout_loops_corners, gammafunk_temple_overflow_elements
D:8:      minmay_flawed_box, layout_loops_ring, tgw_sif,
          nicolae_qazlal_style_of_elements, kennysheep_mini_moat,
          nemelex_xobeh_ov_fountains_minmay, uniq_maurice
D:9:      layout_long_grid, overflow_temple_1_default, hangedman_ranch
          [blue_anna_fruit_fields]
D:10:     layout_roguey, lair_entry_dummy, david_orc_5
D:11:     layout_rooms, minmay_crystal_room, uniq_erica
D:12:     layout_basic, serial_shops, shop

Skill      XL: |  1  2  3  4  5  6  7  8  9 10 11 |
---------------+----------------------------------+-----
Unarmed Combat | 4 5 6 7 8 |  8.4
Dodging        | 3 4 5 |  5.2
Fighting       | 3 4 6 7 |  7.7
Axes           | 1 2 3 4 6 |  6.0
Throwing       | 1 2 3 5 6 |  6.0
Armour         | 1 2 3 4 5 |  5.1
Evocations     | 2 3 4 |  4.9
Stealth        | 1 2 |  2.0

Action                   |  1- 3 |  4- 6 |  7- 9 | 10-12 || total
-------------------------+-------+-------+-------+-------++-------
Melee: Unarmed           |    71 |   160 |   416 |    11 ||   658
       Punch             |       |     3 |    11 |    11 ||    25
       Broad axe         |       |       |       |   216 ||   216
       Falchion          |       |       |       |    38 ||    38
Throw: Dart              |       |    10 |    17 |    23 ||    50
       Boomerang         |       |       |     6 |     1 ||     7
Invok: Berserk           |     2 |     4 |     9 |    13 ||    28
       Trog's Hand       |       |     5 |     4 |    11 ||    20
       Brothers in Arms  |       |       |     1 |       ||     1
 Abil: Evoke Blink       |       |       |       |    12 ||    12
Evoke: Wand              |       |       |     4 |     7 ||    11
  Use: Scroll            |       |     5 |     4 |     7 ||    16
       Potion            |       |       |       |     3 ||     3
 Stab: Sleeping          |     2 |       |       |       ||     2
       Paralysed         |       |       |     3 |       ||     3
  Eat: Chunk             |    14 |    19 |    52 |    53 ||   138
       Ration            |       |       |       |     3 ||     3
Armor: Animal skin       |    31 |    66 |   146 |       ||   243
       Robe              |       |       |    17 |   128 ||   145
Dodge: Dodged            |    26 |   104 |   217 |   182 ||   529
       Rpst.: Falchion   |       |       |       |    15 ||    15
